 Dungeon Crawl Stone Soup version 0.23.2-1-ga50397a (webtiles) character file.

Game seed: 2514857218863975035

62 troglodite the Sneak (level 3, 0/18 HPs)
             Began as a Spriggan Assassin on May 16, 2019.
             Slain by a gnoll
             ... wielding a +0 club
              (5 damage)
             ... on level 1 of the Dungeon.
             The game lasted 00:03:52 (1546 turns).

troglodite the Sneak (Spriggan Assassin)            Turns: 1546, Time: 00:03:52

Health: 0/18       AC:  3    Str:  8    XL:     3   Next: 85%
Magic:  4/4        EV: 17    Int: 12    God:
Gold:   55         SH:  0    Dex: 17    Spells: 2/2 levels left

rFire    + . .     SeeInvis +   a - +2 dagger
rCold    x . .     Gourm    .   (shield restricted)
rNeg     . . .     Faith    .   c - +0 robe
rPois    .         Spirit   .   (helmet restricted)
rElec    .         Reflect  .   q - +0 cloak
rCorr    .         Harm     .   (gloves unavailable)
MR       .....                  (boots unavailable)
Stlth    ++++......             (no amulet)
HPRegen  0.06/turn              l - ring of fire
MPRegen  0.09/turn              (no ring)

@: very quick
A: very small, unfitting armour, see invisible, herbivore, speed 3, slow
metabolism 2
a: no special abilities


You were on level 1 of the Dungeon.
You were not hungry.

You visited 1 branch of the dungeon, and saw 2 of its levels.

You collected 55 gold pieces.

Inventory:

Hand Weapons
 a - a +2 dagger (weapon)
 b - a +0 blowgun
 n - a +0 hunting sling
Missiles
 e - 25 poisoned needles
 f - 2 curare-tipped needles
 p - 15 stones (quivered)
Armour
 c - a +0 robe (worn)
 d - a +0 cloak
 q - a +0 cloak (worn)
Jewellery
 l - a ring of fire (left hand)
Scrolls
 j - 2 scrolls of enchant armour {unknown}
 m - a scroll of identify {unknown}
 o - a scroll of teleportation {unknown}
Potions
 h - 2 potions of haste {unknown}
 i - 2 potions of invisibility {unknown}
 k - a potion of degeneration {unknown}
Comestibles
 g - 4 rations


   Skills:
 * Level 1.9 Fighting
 * Level 3.1 Short Blades
 * Level 0.2(1.6) Slings
 + Level 2.1 Throwing
 * Level 2.1 Dodging
 * Level 7.0 Stealth


You had 2 spell levels left.
You didn't know any spells.
Your spell library was empty.

Dungeon Overview and Level Annotations

Branches:
Dungeon (2/15)

Altars:

Annotations:
D:2 Terence


Innate Abilities, Weirdness & Mutations

You are very small and have problems with some larger weapons.
You are too small for most types of armour.
You have supernaturally acute eyesight. (SInv)
You are a herbivore.
You cover ground extremely quickly.
You need to consume almost no food.


Message History

The helpless giant cockroach fails to defend itself.
You stick the giant cockroach like a pincushion!!!
You kill the giant cockroach!
Your Stealth skill increases to level 7!
You closely miss the jackal. The jackal misses you.
You hit the jackal but do no damage.
The jackal bites you but does no damage.
You hit the jackal but do no damage. The jackal barely misses you.
You hit the jackal.
The jackal is moderately wounded.
The jackal bites you but does no damage.
A frilled lizard comes into view.
There is a stone staircase leading up here.
The jackal completely misses you. The gnoll hits you with a +0 club!
The gnoll hits you with a +0 club. The jackal bites you.
* * * LOW HITPOINT WARNING * * *
You climb upwards.
There is a stone staircase leading down here.
The gnoll hits you with a +0 club.
You die...

#....#### #.# #.#.#..# #>...#
#.#####.#.#..# #....#
#............#
#....#######............#
#########.........)......#.######
..........#.########.....#.#
###########.########.....#.#
#....#....>h.#.####.#
#.####...@gg.#.# #.# #.#
#.......#.# #.# #)# #.......).#
#.# #.# #.......### #.# #.#
#.......######.# #.#
#..............# # #.#
####.#.######### ## #.## #.....#
.##### #..# ###.#.#


You could see 2 gnolls and a jackal.

Vanquished Creatures
  Natasha (D:2)
  A gnoll (D:1)
  A dart slug (D:1)
  A leopard gecko (D:1)
  2 bats (D:1)
  2 giant cockroaches (D:2)
  4 goblins
  2 hobgoblins (D:1)
  2 jackals (D:1)
  6 kobolds (D:1)
  4 rats
26 creatures vanquished.

Notes
Turn   | Place    | Note
-------+----------+-------------------------------------------
     0 | D:1      | troglodite the Spriggan Assassin began the quest for the
                  | Orb.
     0 | D:1      | Reached XP level 1. HP: 10/10 MP: 2/2
   306 | D:1      | Reached skill level 6 in Stealth
   611 | D:1      | Reached XP level 2. HP: 12/15 MP: 3/3
  1154 | D:1      | Reached XP level 3. HP: 18/18 MP: 4/4
  1368 | D:2      | Noticed Natasha
  1379 | D:2      | Killed Natasha
  1495 | D:2      | Noticed Terence
  1538 | D:2      | Reached skill level 7 in Stealth
  1546 | D:1      | Slain by a gnoll

Skill      XL: |  1  2  3 |
---------------+----------+-----
Stealth        | 6 7 |  7.0
Dodging        | 2 |  2.1
Short Blades   | 3 |  3.1
Fighting       | |  1.9
Slings         | |  0.2
Throwing       | |  2.1

Action                   || total
-------------------------++-------
Melee: Dagger            ||    91
 Stab: Sleeping          ||     7
Armor: Robe              ||    13
Dodge: Dodged            ||    46
